 Dungeon Crawl Stone Soup version 0.27-a0-550-ge92ec0ca06 (webtiles) character file.

Game seed: 16874147403769638072

84 gruber the Skirmisher (level 4, 0/48 HPs)
             Began as an Ogre Warper on Mar 7, 2021.
             Slain by a gnoll
             ... wielding a +0 spear
              (4 damage)
             ... on level 2 of the Dungeon.
             The game lasted 00:01:45 (1838 turns).

gruber the Skirmisher (Ogre Warper)                 Turns: 1838, Time: 00:01:45

Health: 0/48       AC:  3    Str: 16    XL:     4   Next: 46%
Magic:  7/7        EV:  9    Int: 14    God:
Gold:   55         SH:  0    Dex:  8    Spells: 7/7 levels left

rFire    . . .     SeeInvis .   a - +0 mace
rCold    . . .     Faith    .   (no shield)
rNeg     . . .     Spirit   .   b - +0 robe
rPois    .         Reflect  .   (helmet restricted)
rElec    .         Harm     .   (no cloak)
rCorr    .         Rampage  .   (gloves unavailable)
Will     +....                  (boots unavailable)
Stlth    +.........             (no amulet)
HPRegen  0.16/turn              k - ring of willpower
MPRegen  0.10/turn              (no ring)

@: lethally poisoned (0 -> -5)
A: large, unfitting armour, tough skin 1
a: no special abilities


You were on level 2 of the Dungeon.
You visited 1 branch of the dungeon, and saw 2 of its levels.

You collected 55 gold pieces.

Inventory:

Hand Weapons
 a - a +0 mace (weapon)
Missiles
 e - 4 boomerangs of dispersal
 h - 9 poisoned darts (quivered)
Armour
 b - a +0 robe (worn)
Jewellery
 k - a ring of willpower (left hand)
 m - a ring of flight
Scrolls
 c - 2 scrolls of fog {unknown}
 d - a scroll of blinking
 f - a scroll of fear {unknown}
 g - 2 scrolls of amnesia {unknown}
Potions
 i - a potion of mutation {unknown}
 j - a potion of curing {unknown}
 l - a potion of brilliance {unknown}


   Skills:
 + Level 4.1 Fighting
 + Level 3.5 Maces & Flails
 - Level 1.0 Throwing
 - Level 2.1 Dodging
 - Level 2.4 Spellcasting
 - Level 2.6 Translocations


You had 7 spell levels left.
You didn't know any spells.
Your spell library contained the following spells:

 Spells                   Type           Power      Damage    Failure   Level
 Blink                    Tloc           N/A        N/A       12%         2
 Gell's Gravitas          Tloc           4%         N/A       22%         3
 Lesser Beckoning         Tloc           4%         N/A       22%         3
 Teleport Other           Tloc           9%         N/A       22%         3
 Manifold Assault         Tloc           9%         N/A       58%         4


Dungeon Overview and Level Annotations

Branches:
Dungeon (2/15)

Altars:


Innate Abilities, Weirdness & Mutations

You are too large for most types of armour.
You have tough skin. (AC +1)


Message History

You feel sick. The adder closely misses you. The adder bites you.
You hit the adder.
The adder is heavily wounded.
The adder bites you.
You are more poisoned.
The adder poisons you!
You feel sick. The adder bites you.
There is an open door here.
The adder bites you but does no damage.
You feel sick.
You hit the adder.
The adder is severely wounded.
You feel sick. The adder closely misses you. The gnoll closely misses you.
The adder bites you.
You closely miss the adder.
The adder is severely wounded.
The adder bites you.
You are more poisoned.
The adder poisons you! The gnoll barely misses you.
You miss the adder.
The adder is severely wounded.
You feel sick. The adder bites you. The gnoll hits you but does no damage.
The adder bites you.
You miss the adder.
The adder is severely wounded.
You feel sick.
The gnoll hits you from afar with a +0 spear.
The adder bites you but does no damage.
You closely miss the adder.
The adder is severely wounded.
You feel sick. The adder closely misses you. The gnoll barely misses you.
The adder bites you.
The gnoll hits you from afar with a +0 spear!
* * * LOW HITPOINT WARNING * * *
You barely miss the adder.
The adder is severely wounded.
* * * LOW HITPOINT WARNING * * *
You feel sick. The adder barely misses you.
The gnoll hits you from afar with a +0 spear.
You die...

##'#'## ....
#.....# #.#.
#.....######
#.#.
#...........
#...
#...........
##.. .###
#...g....... #.g
... ##'#g#######
##. ..# ####.#S#
# ..# #....#@# .
..### #....#.#
.. ....#
#....#.. #..
....# #....####
#.. ....#
#....### ...
....# #......#
....# #......#
....# #......#
.# ....#
#......#######.#


You could see a gnoll, an adder and a goblin.

Vanquished Creatures
  2 adders
  3 gnolls
  A dart slug (D:1)
  8 bats (D:1)
  3 giant cockroaches (D:1)
  3 goblins
  6 hobgoblins
  3 kobolds
  2 frilled lizards (D:1)
  2 rats (D:1)
33 creatures vanquished.

Notes
Turn   | Place    | Note
-------+----------+-------------------------------------------
     0 | D:1      | gruber the Ogre Warper began the quest for the Orb.
     0 | D:1      | Reached XP level 1. HP: 22/22 MP: 3/3
    79 | D:1      | Reached skill level 3 in Fighting
    98 | D:1      | Reached XP level 2. HP: 31/31 MP: 5/5
   427 | D:1      | Reached XP level 3. HP: 8/37 MP: 6/6
  1335 | D:2      | Reached XP level 4. HP: 22/48 MP: 7/7
  1619 | D:2      | Reached skill level 4 in Fighting
  1838 | D:2      | Slain by a gnoll

Illustrated notes

Levels and vault maps discovered:
D:1:      sevenhm_arrival_forest_fort_small_4, layout_basic, corner_web_ring
D:2:      layout_basic

Skill      XL: |  1  2  3  4 |
---------------+-------------+-----
Maces & Flails | 2 3 |  3.5
Fighting       | 3 4 |  4.1
Throwing       | |  1.0
Dodging        | |  2.1
Spellcasting   | |  2.4
Translocations | |  2.6

Action                   |  1- 3 |  4- 6 || total
-------------------------+-------+-------++-------
Melee: Mace              |    87 |    17 ||   104
Throw: Dart              |     9 |     9 ||    18
       Boomerang         |     1 |       ||     1
Armor: Robe              |    37 |     6 ||    43
Dodge: Dodged            |    57 |    10 ||    67

Table legend: (Time is in decaauts)
 A = Elapsed time spent in this place.
 B = Non-inter-level travel time spent in this place.
 C = Inter-level travel time spent in this place.
 D = Time resting spent in this place.
 E = Time spent auto-exploring this place.
 F = Levels seen in this place.
 G = Mean time per level.
                   A        B        C        D        E       F      G
               +--------+--------+--------+--------+--------+-----+--------+
         Total |   1874 |   1845 |     29 |      0 |   1539 |   2 |  937.0 |
       Dungeon |   1874 |   1845 |     29 |      0 |   1539 |   2 |  937.0 |
               +--------+--------+--------+--------+--------+-----+--------+

Top non-repeatable levels by time:
     D:1: 1270 daAuts
     D:2: 603 daAuts
